AoeStats
← metanoid

Arabia

511027608Analyzed
2v2 RM · 4h ago on Oct 3, 2026· 30m 58s· 4 players
Game mode
Random Map
Map size
Medium (4 player)
Population
200
Speed
Normal
Resources
Standard
Victory
Conquest
Starting age
Dark Age
Ending age
Imperial Age
RankedLock teamsTeams togetherTeam positionsShared explorationLock speedFull tech treeHidden civsTurbo modeCheats
Victory
Defeat
🇫🇷 Mongols · France
988
+14
🇦🇷 Byzantines · Argentina
985
+14
🇦🇷 Franks · Argentina
955
-30
🇬🇧 Wu · United Kingdom
924
-13
sarfaoui4
1:15 Loom
10:48 Feudal Age
13:42 Forging
15:21 Double-Bit Axe
18:33 Horse Collar
22:51 Castle Age
21:55 Gold Mining
22:09 Fletching
22:20 Padded Archer Armor
23:56 Bow Saw
26:05 Bodkin Arrow
27:32 Wheelbarrow
27:53 Husbandry
28:02 Scale Barding Armor
31:17 Gold Shaft Mining
DANIR
7:59 Loom
10:54 Feudal Age
11:43 Double-Bit Axe
11:47 Horse Collar
16:15 Wheelbarrow
22:04 Castle Age
20:03 Gold Mining
21:16 Scale Barding Armor
21:23 Forging
23:12 Hand Cart
23:08 Heavy Plow
23:22 Bow Saw
25:41 Chain Barding Armor
28:35 Iron Casting
29:24 Padded Archer Armor
29:38 Husbandry
Juancho Talarga
6:58 Loom
9:27 Feudal Age
12:02 Man-at-Arms
24:28 Castle Age
23:36 Fletching
23:46 Padded Archer Armor
23:51 Horse Collar
24:00 Double-Bit Axe
25:35 Bodkin Arrow
25:54 Crossbowman
metanoid
6:35 Loom
12:27 Feudal Age
12:54 Double-Bit Axe
22:09 Scale Barding Armor
26:58 Castle Age
Connection lost

Rejoining the realm…

Still unreachable

The connection could not be restored.

Session expired

The server has moved on; the page needs a fresh start.